 Dungeon Crawl Stone Soup version 0.24-a0-250-g6074511 (webtiles) character file.

Game seed: 18037663513584202887

46 MatthieuS the Skirmisher (level 3, -3/29 HPs)
             Began as a Human Wanderer on Apr 15, 2019.
             Slain by a quokka (4 damage)
             ... on level 2 of the Dungeon.
             The game lasted 00:01:58 (1156 turns).

MatthieuS the Skirmisher (Human Wanderer)           Turns: 1156, Time: 00:01:59

Health: -3/29      AC:  6    Str: 12 (13) XL:     3   Next: 92%
Magic:  4/4        EV: 11    Int: 10 (13) God:
Gold:   41         SH:  0    Dex:  9 (11) Spells: 3/4 levels left

rFire    . . .     SeeInvis .   a - +0 spear
rCold    . . .     Gourm    .   (no shield)
rNeg     . . .     Faith    .   c - +0 leather armour
rPois    .         Spirit   .   (no helmet)
rElec    .         Reflect  .   (no cloak)
rCorr    .         Harm     .   k - +2 pair of gloves
MR       .....                  (no boots)
Stlth    ++........             (no amulet)
HPRegen  0.09/turn              (no ring)
MPRegen  0.09/turn              (no ring)

@: lethally poisoned (-3 -> -6)
A: no striking features
a: no special abilities


You were on level 2 of the Dungeon.
You were hungry.

You visited 1 branch of the dungeon, and saw 2 of its levels.

You collected 41 gold pieces.

Inventory:

Hand Weapons
 a - a +0 spear (weapon)
 f - a +0 dagger
Missiles
 b - 2 throwing nets (quivered) {!f}
 d - 9 tomahawks
Armour
 c - a +0 leather armour (worn)
 k - a +2 pair of gloves (worn)
   (You found it on level 1 of the Dungeon)
Scrolls
 g - a scroll of identify {unknown}
 h - 3 scrolls of immolation {unknown}
 i - 2 scrolls of amnesia {unknown}
 l - 2 scrolls of teleportation {unknown}
Comestibles
 e - 5 rations


   Skills:
 + Level 3.4 Fighting
 * Level 1.5 Polearms
 - Level 1.0 Throwing
 - Level 1.0 Dodging
 - Level 3.0 Stealth
 - Level 1.0 Spellcasting
   Level 1.0 Conjurations
   Level 1.0 Fire Magic


You had 3 spell levels left.
You knew the following spells:

 Your Spells              Type           Power        Failure   Level  Hunger
a - Sandblast             Erth           #.....       41%         1    ##.....

Your spell library contained the following spells:

 Spells                   Type           Power        Failure   Level  Hunger
 Stone Arrow              Conj/Erth      #.....       71%         3    ####...


Dungeon Overview and Level Annotations

Branches:
Dungeon (2/15)

Altars:


Message History

You hit the adder but do no damage.
The quokka bites you but does no damage.
The adder bites you but does no damage.
It was a potion of degeneration.
There was something very wrong with that liquid.
You feel weakened.
You feel dopey.
You feel clumsy. The adder misses you. The quokka closely misses you.
You hit the adder. The adder barely misses you. The quokka closely misses you.
The adder closely misses you. The quokka closely misses you.
You miss the adder. The adder bites you but does no damage.
The quokka barely misses you.
You barely miss the adder. The adder misses you. The quokka misses you.
You barely miss the adder. The adder bites you.
* * * LOW HITPOINT WARNING * * *
You are poisoned.
The adder poisons you!
The quokka bites you but does no damage.
The adder closely misses you.
You closely miss the adder.
You feel sick. The quokka bites you.
* * * LOW HITPOINT WARNING * * *
The adder bites you but does no damage.
You barely miss the adder.
You feel sick. The quokka closely misses you. The adder closely misses you.
The quokka twitches its whiskers.
The quokka completely misses you.
You hit the adder. The adder barely misses you. The quokka bites you.
* * * LOW HITPOINT WARNING * * *
The adder bites you but does no damage.
You hit the adder but do no damage. The quokka completely misses you.
The adder completely misses you.
You barely miss the adder.
* * * LOW HITPOINT WARNING * * *
You feel sick. The adder bites you but does no damage.
The quokka barely misses you.
You hit the adder.
You kill the adder!
The quokka bites you but does no damage.
Unknown command.
* * * LOW HITPOINT WARNING * * *
You feel sick. The quokka barely misses you.
Attack whom?
Aim: a quokka You barely miss the quokka.
The quokka barely misses you.
Attack whom?
Aim: a quokka You hit the quokka but do no damage.
The quokka barely misses you.
Attack whom?
Aim: a quokka You hit the quokka.
The quokka bites you.
You die...

# #.
#.########
#........#
#........#
##.$......#
#....[....#
#...@...#
#...r...#
#?.......#
...........#
.#.#.......#
# #########


You could see a quokka.

Vanquished Creatures
  An adder (D:2)
  A dart slug (D:1)
  5 bats (D:1)
  8 goblins (D:1)
  6 hobgoblins (D:1)
  A ball python (D:2)
  A frilled lizard (D:1)
  6 kobolds (D:1)
  A rat (D:1)
30 creatures vanquished.

Notes
Turn   | Place    | Note
-------+----------+-------------------------------------------
     0 | D:1      | MatthieuS the Human Wanderer began the quest for the Orb.
     0 | D:1      | MatthieuS set off with the following items: a +0 spear, 2
                  | throwing nets {!f}, a +0 leather armour, a ration, a +0
                  | dagger; and the following spell memorised: Sandblast; and
                  | the following spells available to memorise: Stone Arrow
     0 | D:1      | Reached XP level 1. HP: 16/16 MP: 2/2
    61 | D:1      | Reached XP level 2. HP: 9/23 MP: 3/3
   544 | D:1      | Reached XP level 3. HP: 29/29 MP: 4/4
   630 | D:1      | Reached skill level 1 in Polearms
  1151 | D:2      | HP: 1/29 [poisoned by an adder]
  1156 | D:2      | Slain by a quokka

Levels and vault maps discovered:
D:1:      dpeg_arrival_three_same_balls, layout_basic
D:2:      layout_rooms, uniq_robin

Skill      XL: |  1  2  3 |
---------------+----------+-----
Fighting       | 3 |  3.4
Polearms       | 1 |  1.5
Throwing       | |  1.0
Dodging        | |  1.0
Stealth        | |  3.0
Spellcasting   | |  1.0
Conjurations   | |  1.0
Fire Magic     | |  1.0

Action                   || total
-------------------------++-------
Melee: Spear             ||   122
  Use: Potion            ||     1
 Stab: Sleeping          ||     7
Armor: Leather armour    ||    32
Dodge: Dodged            ||    69

Table legend:
 A = Non-vault XP
 B = Vault XP
 C = Vault XP percentage of total XP
 D = Non-vault monster count
 E = Vault monster count
 F = Vault count percentage of total count
                 A         B        C        D         E       F
            +---------+---------+-------+---------+---------+-------
      Total |      66 |       0 |   0.0 |      30 |       0 |   0.0
            +---------+---------+-------+---------+---------+-------
        D:1 |      52 |       0 |   0.0 |      28 |       0 |   0.0
        D:2 |      14 |       0 |   0.0 |       2 |       0 |   0.0
            +---------+---------+-------+---------+---------+-------
